Minoru, chaotic male human Priest ------------- |............############# |...<.......| |...........| |...........| -------|----- ### # ### : # # @ -.--- # |...| # |.>..######## # ||..| # ### |....########### # # ----- # --------##### ##..^.*..| # |.......## -------- Minoru the Acolyte Experience level: 3 Strength: 12 Dexterity: 14 Constitution: 12 Intelligence: 10 Wisdom: 17 Charisma: 9 Health: 0(22) Energy: 16(16) Def: 5 Gold: 377 Moves: 877 Dungeon seed: n0-B-qgJymKPV1i5 Game ID: Minoru_1496614046 Your Inventory: Coins $ - 377 gold pieces Weapons a - a blessed +1 mace (weapon in hand) l - an uncursed +2 dwarvish mattock s - a blessed +0 orcish dagger Armor e - an uncursed +0 robe (being worn) n - an uncursed +0 small shield (being worn) y - an uncursed +0 leather armor (being worn) Comestibles k - an uncursed carrot o - an uncursed tripe ration Scrolls i - an uncursed scroll of destroy armor m - a blessed scroll of enchant armor p - a cursed scroll of light Spellbooks f - an uncursed spellbook of detect monsters g - an uncursed spellbook of create monster Potions b - 4 potions of holy water h - a cursed potion of hallucination j - an uncursed potion of see invisible Tools t - an uncursed tallow candle (0:200) u - an uncursed bell Gems q - an uncursed worthless piece of violet glass r - 2 uncursed worthless pieces of yellowish brown glass Spells and supernatural/magical abilities: Name Level Category Fail Memory n - detect monsters 1 divination 0% 96% O - create monster 2 clerical 0% 96% W - pray for help -- divine ? -- X - turn undead -- divine ? -- Your skills at the end: Fighting Skills Weapon Skills mace [Basic] Spellcasting Skills clerical spells [Basic] Final Attributes: You were piously aligned. You are dead. Vanquished creatures: a large kobold 2 giant rats a gnome a gecko a jackal 2 kobolds a goblin 2 grid bugs 2 lichens 3 newts 16 creatures vanquished. Voluntary challenges: You were an atheist. You used a wielded weapon 15 times, starting on turn 15. You were illiterate. You never genocided any monsters. You never polymorphed an object. You never changed form. You used no wishes. You never split a pudding. You never wrote Elbereth's name. You never violated your personal moral code. Dungeon overview: The Dungeons of Doom: levels 1 to 4 Level 1 a fountain a long staircase Level 2 an altar to Mars, a fountain Level 3 Level 4 <- You were here stairs to The Gnomish Mines The Gnomish Mines: Level 5 stairs to The Dungeons of Doom History has recorded: On T:1 you entered the Dungeons of Doom to retrieve the Amulet of Yendor! On T:215 you reached level 2 of The Dungeons of Doom. On T:380 you advanced to experience level 2. On T:622 you reached level 3 of The Dungeons of Doom. On T:730 you reached level 4 of The Dungeons of Doom. On T:789 you reached level 1 of The Gnomish Mines. On T:790 you advanced to experience level 3. Score breakdown: Gold: 377 ( 8767 points) Experience: 3 levels ( 7878 points) Exploration: 5 levels ( 11.11%) ( 9045 points) Discoveries: 0 items ( 0.00%) ( 0 points) Valuables value: (no points given unless you survive) Artifact value: 0 ( 0 points) Variety of kills: 10 monsters ( 2.62%) ( 4860 points) Turncount: 877 turns ( 0 points) Survival: died (score multiplied by 80%) Total score: 24440 Latest messages: You read: "Saved by the bell!". You see here an uncursed bell. u - an uncursed bell. You stop exploring. The giant rat bites! You kill the giant rat! The giant rat bites! You hit the giant rat! You kill the giant rat! You stop exploring. A little dart shoots out at you! You are hit by a little dart. You feel very sick! You see here an uncursed rock. A trap door in the ceiling opens and a rock falls on your head! You see here an uncursed yellowish brown gem. You are beginning to feel hungry. r - an uncursed yellowish brown gem. This carrot is delicious! You finish eating the carrot. You stop exploring. (4x) You miss the gecko. The gecko bites! (2x) The gecko misses. (2x) The gecko bites! (4x) You die... Final status: Goodbye Minoru the Priest, killed by a gecko... You died in The Dungeons of Doom on dungeon level 4 with 24440 points, and 377 pieces of gold, after 877 moves. You were level 3 with a maximum of 22 hit points when you died.